 Dungeon Crawl Stone Soup version 0.20.1-1-g8b1a95d (console) character file.

65 hilaritas the Scratcher (level 3, -2/17 HPs)
             Began as a Felid Fighter on Nov 9, 2017.
             Slain by a worm (11 damage)
             ... on level 2 of the Dungeon.
             The game lasted 00:02:45 (1825 turns).

hilaritas the Scratcher (Felid Fighter)             Turns: 1825, Time: 00:02:46

Health: -2/17      AC:  1    Str: 13    XL:     3   Next: 92%
Magic:  4/4        EV: 19    Int:  9    God:
Gold:   50         SH:  0    Dex: 15    Spells: 2/2 levels left
                                        Lives:  0   Deaths: 1

rFire    . . .     SeeInvis +     - Unarmed
rCold    . . .     Gourm    .   (shield unavailable)
rNeg     . . .     Faith    .   (armour unavailable)
rPois    .         Spirit   .   (helmet unavailable)
rElec    .         Reflect  .   (cloak unavailable)
rCorr    .         Harm     .   (gloves unavailable)
MR       .....                  (boots unavailable)
Stlth    ++........             (no amulet)
Regen    0.1/turn               (no ring)
MPRegen  0.1/turn               (no ring)

@: quick
A: no armour, no weapons or thrown items, stealth, claws 1, fangs 3, see
invisible, carnivore 3, speed 1, shaggy fur 1, slow metabolism 1, sharp paws
a: no special abilities


You were on level 2 of the Dungeon.
You were very full.

You visited 1 branch of the dungeon, and saw 2 of its levels.

You collected 50 gold pieces.

Inventory:

Scrolls
 c - a scroll of teleportation {unknown}
 e - a scroll of remove curse {unknown}
 f - a scroll of identify {unknown}
 h - 2 scrolls of recharging {unknown}
Potions
 a - a potion of might
 d - a potion of curing {unknown}
 g - a potion of agility {unknown}
 i - a potion of haste
Comestibles
 b - 2 meat rations


   Skills:
 + Level 3.3 Fighting
 - Level 4.0 Dodging
 * Level 2.2 Stealth
 * Level 5.8 Unarmed Combat


You had 2 spell levels left.
You didn't know any spells.

Dungeon Overview and Level Annotations

Branches:
Dungeon (2/15)

Altars:
Vehumet


Innate Abilities, Weirdness & Mutations

You cannot wear armour.
You are incapable of wielding weapons or throwing items.
Your paws allow you to move quietly. (Stealth)
You have sharp claws.
You have razor-sharp teeth.
You have supernaturally acute eyesight. (SInv)
You are carnivorous and can eat meat at any time.
You cover ground quickly.
You are covered in fur. (AC +1)
You have a slow metabolism.
Your sharp claws are effective at attacking unaware monsters.


Message History

Things that are here:
a dagger; 5 stones; a goblin corpse The worm completely misses you.
Found 20 gold pieces.
Found a stone staircase leading down.
You barely miss the worm. You claw the worm!
The worm is heavily wounded.
The worm bites you!
You scratch the worm.
The worm is heavily wounded.
You scratch the worm. Your bite misses the worm.
The worm is heavily wounded.
The worm barely misses you.
You scratch the worm. You bite the worm, but do no damage.
The worm is severely wounded.
You completely miss the worm.
The worm is severely wounded.
The worm bites you!
Ouch! That really hurt!
You die...

##...# ).. ### #.†..#
#... ..# #....# #..#
#.# #.#### ....... #...
#.# ### #...$..
#..########.# #.$...
##............
##..>..###...#######..#
...............# #..#
...##.##..##.####..#
###.#.#.###.÷##.#......
#?....@)(...)(....##..#
#.#.#w.####..##.......#
#......# #..########.#
#.#.#.## #.... ..#
#..... #..$.. ..#
###### ####### ###


You could see a worm.

Vanquished Creatures
  Natasha (twice) (D:2)
  3 adders (D:2)
  An ooze (D:1)
  2 worms
  A dart slug (D:1)
  A leopard gecko (D:2)
  2 giant cockroaches
  6 goblins
  5 hobgoblins
  4 jackals (D:2)
  6 kobolds
  A quokka (D:2)
  A ball python (D:1)
  5 bats
  A frilled lizard (D:2)
  2 rats
43 creatures vanquished.

Notes
Turn   | Place    | Note
-------+----------+-------------------------------------------
     0 | D:1      | hilaritas the Felid Fighter began the quest for the Orb.
     0 | D:1      | Reached XP level 1. HP: 10/10 MP: 2/2
   233 | D:1      | Reached XP level 2. HP: 14/14 MP: 3/3
   288 | D:1      | Reached skill level 1 in Stealth
   664 | D:1      | Reached XP level 3. HP: 17/17 MP: 4/4
   955 | D:2      | Found a radiant altar of Vehumet.
  1253 | D:2      | Reached skill level 5 in Unarmed Combat
  1675 | D:2      | Noticed Natasha
  1683 | D:2      | Killed Natasha
  1683 | D:2      | Reached XP level 4. HP: 21/21 MP: 5/5
  1709 | D:2      | Noticed Natasha
  1716 | D:2      | Killed Natasha
  1724 | D:2      | Slain by a kobold
  1725 | D:2      | Reached XP level 3. HP: 0/17 MP: 4/4
  1825 | D:2      | Slain by a worm

Skill      XL: |  1  2  3  4 |
---------------+-------------+-----
Stealth        | 1 2 |  2.2
Unarmed Combat | 5 |  5.8
Fighting       | |  3.3
Dodging        | |  4.0

Action                   |  1- 3 |  4- 6 || total
-------------------------+-------+-------++-------
Melee: Unarmed           |    89 |    23 ||   112
       Bite              |    10 |       ||    10
       Punch             |     2 |     1 ||     3
  Use: Potion            |       |     1 ||     1
 Stab: Sleeping          |     5 |       ||     5
  Eat: Chunk             |    13 |       ||    13
Armor: Skin              |     2 |     4 ||     6
Dodge: Dodged            |    65 |    58 ||   123
